 Dungeon Crawl Stone Soup version 0.31.0-11-ge490571c62 (webtiles) character file.

Game seed: 12813808827399835020

39 ChrisTheSkald the Vexing (level 3, -2/25 HPs)
             Began as a Human Enchanter on Jan 29, 2024.
             Slain by an iguana (6 damage)
             ... on level 4 of the Dungeon.
             The game lasted 00:04:04 (747 turns).

ChrisTheSkald the Vexing (Human Enchanter)           Turns: 747, Time: 00:04:04

Health: -2/25      AC:  2    Str:  8    XL:     3   Next: 47%
Magic:  5/6        EV: 12    Int: 17    God:
Gold:   47         SH:  0    Dex: 13    Spells: 1/6 levels left

rFire   . . .        d - +0 bardiche (flame)
rCold   . . .        (shield currently unavailable)
rNeg    . . .        b - +0 robe
rPois   .            (no helmet)
rElec   .            (no cloak)
rCorr   .            (no gloves)
SInv    +            (no boots)
Will    +....        c - amulet of magic regeneration
Stlth   ++           e - ring of Midnight {+Blink Fly Will+ SInv}
HPRegen 0.24/turn    (no ring)
MPRegen 0.50/turn

%: no passive effects
@: flying
A: explore regen
a: Evoke Blink


You were on level 4 of the Dungeon.
You visited 1 branch of the dungeon, and saw 3 of its levels.

You collected 47 gold pieces.

Inventory:

Hand Weapons
 a - a +1 dagger
 d - a +0 bardiche of flaming (weapon)
Missiles
 f - 2 javelins (quivered)
Armour
 b - a +0 robe (worn)
Jewellery
 c - an amulet of magic regeneration (around neck)
 e - the ring of Midnight (left hand) {+Blink Fly Will+ SInv}
   (You acquired it on level 4 of the Dungeon)

   [ring of willpower]

   Will+:     It increases your willpower.
   SInv:      It lets you see invisible.
   Fly:       It grants you flight.
   +Blink:    It lets you blink.


   Skills:
 * Level 0.5 Fighting
 * Level 1.2 Short Blades
 * Level 0.2 Polearms
 * Level 0.6 Armour
 * Level 2.2 Dodging
 * Level 3.3 Stealth
 * Level 2.1 Spellcasting
 * Level 3.3 Hexes
 * Level 0.5 Ice Magic


You had one spell level left.
You knew the following spells:

 Your Spells              Type           Power      Damage    Failure   Level
a - Ensorcelled Hibernat  Hex/Ice        16%        N/A       13%         2
b - Tukima's Dance        Hex            13%        N/A       14%         3

Your spell library contained the following spells:

 Spells                   Type           Power      Damage    Failure   Level
 Apportation              Tloc           2%         N/A       19%         1
 Jinxbite                 Hex            26%        N/A       8%          2
 Confusing Touch          Hex            13%        N/A       14%         3
 Dazzling Flash           Conj/Hex       14%        N/A       28%         3
 Alistair's Intoxication  Alch           0%         N/A       99%         5


Dungeon Overview and Level Annotations

Branches:
Dungeon (2/15)

Altars:

Annotations:
D:4 1 runed translucent door, Driedwater's ghost, amateur DENe


Innate Abilities, Weirdness & Mutations

You regain HP and MP as you explore.


Message History

There is an open door here.
You reach down and open the door.
There is an open door here.
You reach down and open the door.
There is an open door here.
Found 6 stones.
An iguana comes into view.
The iguana hisses angrily.
Throw: 3 javelins
Press: ? - help, Q - select action, (/) - cycle Shift-Dir - straight line, f - iguana
Aim: an iguana (56% to hit)
You throw a javelin. The javelin pierces through the iguana.
The iguana is lightly wounded.
Unknown command.
Casting: Ensorcelled Hibernation (safe; 13% risk of failure)
Confirm with . or Enter, or press ? or * to list all spells.
Aiming: Ensorcelled Hibernation (safe; 13% risk of failure)
Press: ? - help, Shift-Dir - straight line, f/p - iguana
Aim: an iguana (lightly wounded, chance to affect: 50%)
The iguana resists with some effort.
The iguana bites you!
Unknown command.
Casting: Ensorcelled Hibernation (safe; 13% risk of failure)
Confirm with . or Enter, or press ? or * to list all spells.
Aiming: Ensorcelled Hibernation (safe; 13% risk of failure)
Press: ? - help, Shift-Dir - straight line, f/p - iguana
Aim: an iguana (lightly wounded, chance to affect: 50%)
The iguana looks drowsy...
The helpless iguana fails to defend itself.
You hit the iguana. You burn the iguana.
The iguana is moderately wounded.
The iguana barely misses you. x2
You hit the iguana. You burn the iguana.
The iguana is severely wounded.
The iguana bites you! The iguana bites you.
* * * LOW HITPOINT WARNING * * *
You barely miss the iguana.
The iguana is severely wounded.
The iguana hisses menacingly.
The iguana bites you.
You die...

####+### ##≈≈≈.≈≈##
#≈≈....≈≈#
###≈..♣♣..≈###
#.'..♣♣♣♣.≈#.. #.#≈.♣
♣♣..+.#
..#########.#≈..♣♣..≈#.#
........##..#≈≈....≈≈#..
#...@....##≈≈.≈≈≈##.#
.....##l.....###'####...
... #.#........'...... #
............####...
#..#.##.##...## ##..
...#.(##.##..## ##.
##............. #.
##.#(.#.##.... #. #...
#.# ..


You could see an iguana.

Vanquished Creatures
  An orc wizard (D:4)
  A dart slug (D:2)
  An endoplasm (D:1)
  A goblin (D:4)
  A hobgoblin (D:1)
  A quokka (D:1)
  2 ball pythons (D:4)
  3 kobolds
  3 rats
14 creatures vanquished.

Notes
Turn   | Place    | Note
-------+----------+-------------------------------------------
     0 | D:1      | ChrisTheSkald the Human Enchanter began the quest for the
                  | Orb.
     0 | D:1      | Reached XP level 1. HP: 13/13 MP: 3/3
   261 | D:1      | Reached XP level 2. HP: 11/19 MP: 5/5
   297 | D:1      | Learned a level 2 spell: Ensorcelled Hibernation
   348 | D:2      | You fall into a shaft and drop 2 floors!
   356 | D:4      | Identified 2 scrolls of acquirement
   356 | D:4      | Acquired the ring of Midnight {+Blink Fly Will+ SInv}
   359 | D:4      | Acquired a +0 bardiche of flaming
   386 | D:4      | Reached XP level 3. HP: 8/25 MP: 6/6
   550 | D:4      | Learned a level 3 spell: Tukima's Dance
   647 | D:4      | Found a runed translucent door.
   669 | D:4      | Noticed Driedwater's ghost (amateur DENe)
   747 | D:4      | Slain by an iguana

Illustrated notes

Levels and vault maps discovered:
D:1:      wander_arrival_lonely_grave, layout_loops_ring, st_stairs_10,
          minmay_splitting_lines, minmay_cut_off
D:2:      wad_river_or_something, layout_rooms,
          ebering_ecumenical_altar_sacrificial, grunt_ministairs_15,
          minmay_diced_spiral
D:4:      layout_loops_corners, ebering_ghost_reflecting_pool,
          kennysheep_another_room, nicolae_concentric_dashed_squares_mild,
          hangedman_abyss_or_decor_lesser_grid

Action                     || total
---------------------------++-------
  Melee: Dagger            ||    50
         Bardiche          ||    26
  Throw: Javelin           ||     1
   Cast: Ensorcelled Hiber ||     6
    Use: Potion            ||     3
         Scroll            ||     2
   Stab: Sleeping          ||     5
 Armour: Robe              ||    39
         Skin              ||    10
  Dodge: Dodged            ||    55
